 Dungeon Crawl Stone Soup version 0.29-a0-234-g0dae59b3db (webtiles) character file.

Game seed: 839721115166662622

1989 YayAnonymity the Grappler (level 9, -5/92 HPs)
             Began as a Troll Gladiator on Mar 4, 2022.
             Was a Follower of Trog.
             Killed from afar by a steam dragon (17 damage)
             ... with a ball of steam
             ... on level 6 of the Dungeon.
             The game lasted 00:10:34 (5107 turns).

YayAnonymity the Grappler (Troll Gladiator)         Turns: 5107, Time: 00:10:34

Health: -5/92      AC:  4    Str: 26    XL:     9   Next: 1%
Magic:  8/8        EV: 10    Int:  4    God:    Trog [*.....]
Gold:   270        SH:  5    Dex: 13    Spells: 8/8 levels left

rFire   . . .      SeeInvis .     - Unarmed
rCold   . . .      Faith    .   (no shield)
rNeg    . . .      Spirit   .   r - +0 animal skin
rPois   +          Reflect  +   f - +0 hat
rElec   .          Harm     .   d - scarf {shadows}
rCorr   .          Rampage  .   (gloves unavailable)
Will    .....                   (boots unavailable)
Stlth   +.........              w - amulet of reflection
HPRegen 1.05/turn               h - ring of poison resistance
MPRegen 0.11/turn               (no ring)

@: no status effects
A: large, unfitting armour, claws 3, regeneration 1, shaggy fur 1, tough skin 1
a: Renounce Religion, Berserk


You were on level 6 of the Dungeon.
You worshipped Trog.
Trog was aware of your devotion.
You visited 2 branches of the dungeon, and saw 7 of its levels.

You collected 270 gold pieces.

Inventory:

Hand Weapons
 b - a +0 giant spiked club
Missiles
 c - 3 throwing nets
 s - 11 poisoned darts (quivered)
Armour
 d - a scarf of shadows (worn)
 f - a +0 hat (worn)
 r - a +0 animal skin (worn)
Jewellery
 h - a ring of poison resistance (left claw)
 w - an amulet of reflection (around neck)
Wands
 p - a wand of polymorph (16)
 u - a wand of mindburst (7)
 z - a wand of acid (4)
Scrolls
 e - a scroll of immolation {unknown}
 g - 2 scrolls of fog {unknown}
 j - a scroll of acquirement {unknown}
 m - 2 scrolls of noise
 q - 2 scrolls of enchant weapon
 v - a scroll of brand weapon {unknown}
 x - a scroll of teleportation {unknown}
 y - a scroll of fear {unknown}
Potions
 a - a potion of flight {unknown}
 i - a potion of mutation {unknown}
 k - 6 potions of attraction
 l - 2 potions of haste
 n - a potion of lignification {unknown}
 o - a potion of magic {unknown}
 t - 3 potions of curing


   Skills:
 + Level 6.4 Fighting
 - Level 1.7 Throwing
 - Level 2.4 Dodging
 + Level 9.6 Unarmed Combat


You had 8 spell levels left.
You didn't know any spells.
Your spell library contained the following spells:

 Spells                   Type           Power      Damage    Failure   Level
 Static Discharge         Conj/Air       0%         N/A       65%         2
 Stone Arrow              Conj/Erth      0%         3d7       86%         3
 Animate Armour           Summ/Erth      0%         N/A       99%         4
 Lightning Bolt           Conj/Air       0%         1d11      100%        5
 Lehudib's Crystal Spear  Conj/Erth      0%         10d2      100%        8
 Maxwell's Capacitive Co  Air            0%         ∞         100%        8


Dungeon Overview and Level Annotations

Branches:
Dungeon (6/15)             Temple (1/1) D:4

Altars:
Ashenzari
Cheibriados
Elyvilon
Fedhas
Gozag
Hepliaklqana
Kikubaaqudgha
Makhleb
Nemelex Xobeh
Ru
Trog
Vehumet
Wu Jian
Xom
Yredelemnul
Zin
The Shining One

Shops:
D:3 =


Innate Abilities, Weirdness & Mutations

You are too large for most types of armour.
You have claws for hands.
Your natural rate of healing is unusually fast.
You are covered in fur. (AC +1)
You have tough skin. (AC +1)


Message History

An adder is nearby!
You mangle the adder!!
You kill the adder!
Trog accepts your kill.
No target in view!
You see here an adder corpse.
A white imp comes into view.
The white imp shouts, "Slither away, thou ducking full-gorged clam!"
The white imp grinds its teeth.
The white imp gestures at you. The puff of frost hits you!
The white imp gestures at you. The puff of frost misses you.
You closely miss the white imp. The white imp closely misses you.
You mangle the white imp!!
You kill the white imp!
Trog accepts your kill.
No target in view!
No target in view!
A steam dragon comes into view.
The steam dragon breathes steam at you. The ball of steam hits you!!
The steam dragon moves out of view.
You are engulfed in a cloud of scalding steam.
You are engulfed in a cloud of scalding steam.
The steam dragon breathes steam at you. The ball of steam hits you!!
You are engulfed in a cloud of scalding steam.
You scratch the steam dragon.
The steam dragon is lightly wounded.
The steam dragon bites you!
* * * LOW HITPOINT WARNING * * *
The steam dragon claws you.
* * * LOW HITPOINT WARNING * * *
You claw the steam dragon!
The steam dragon is heavily wounded.
You are engulfed in a cloud of scalding steam.
* * * LOW HITPOINT WARNING * * *
The steam dragon breathes steam at you. The ball of steam hits you!
You die...

#.#
#.#
#.#
#.#
#.#
#.#
#.#
#.#
#.#
#.#
#§#
#§#
#.#
#@#
#D#
#§#
#.#
#.#
..#
###


You could see a steam dragon (catching breath).

Vanquished Creatures
  Grinder (D:4)
  3 yaks (D:4)
  An ice beast (D:6)
  2 sky beasts
  4 ogres
  2 phantoms
  A bullfrog (D:4)
  A jelly (D:6)
  2 hounds
  An orc priest (D:3)
  A gnoll shaman (D:4)
  2 iguanas
  An orc wizard (D:3)
  Robin (D:2)
  11 gnolls
  4 adders
  A white imp (D:6)
  An ufetubus (D:4)
  3 worms
  A dart slug (D:4)
  14 orcs
  8 endoplasms
  5 giant cockroaches
  19 goblins
  10 hobgoblins
  5 jackals
  4 kobolds
  3 quokkas (D:3)
  8 ball pythons
  5 bats
  3 frilled lizards
  6 rats
134 creatures vanquished.

Notes
Turn   | Place    | Note
-------+----------+-------------------------------------------
     0 | D:1      | YayAnonymity the Troll Gladiator began the quest for the
                  | Orb.
     0 | D:1      | Reached XP level 1. HP: 19/19 MP: 0/0
   109 | D:1      | Reached XP level 2. HP: 28/28 MP: 1/1
   759 | D:2      | Reached XP level 3. HP: 35/35 MP: 2/2
   851 | D:2      | Noticed Robin
   861 | D:2      | Reached skill level 4 in Unarmed Combat
   951 | D:2      | Killed Robin
  1191 | D:2      | Found a faded altar of an unknown god.
  1411 | D:2      | Reached XP level 4. HP: 44/44 MP: 3/3
  1742 | D:3      | Reached skill level 5 in Unarmed Combat
  1785 | D:3      | Reached XP level 5. HP: 50/50 MP: 4/4
  1848 | D:3      | Found Giv Sir's Jewellery Shoppe.
  1981 | D:3      | Found a blossoming altar of Fedhas.
  2717 | D:4      | Found an opulent altar of Gozag.
  2735 | D:4      | Noticed an ogre
  2745 | D:4      | Killed an ogre
  2746 | D:4      | Reached skill level 6 in Unarmed Combat
  2746 | D:4      | Reached XP level 6. HP: 50/61 MP: 5/5
  2768 | D:4      | Found a staircase to the Ecumenical Temple.
  2783 | Temple   | Entered the Ecumenical Temple
  3036 | Temple   | Became a worshipper of Trog the Wrathful
  3215 | D:4      | Noticed Grinder
  3236 | D:4      | Paralysed by Grinder for 6 turns
  3257 | D:4      | Paralysed by Grinder for 6 turns
  3266 | D:4      | Killed Grinder
  3267 | D:4      | Reached skill level 7 in Unarmed Combat
  3267 | D:4      | Reached XP level 7. HP: 29/68 MP: 6/6
  3753 | D:4      | Reached skill level 8 in Unarmed Combat
  4149 | D:5      | Entered Level 5 of the Dungeon
  4149 | D:5      | Found a burning altar of Makhleb.
  4210 | D:5      | Reached XP level 8. HP: 66/79 MP: 7/7
  4309 | D:4      | Reached skill level 5 in Fighting
  4367 | D:4      | Reached skill level 9 in Unarmed Combat
  4488 | D:5      | Found an ancient bone altar of Kikubaaqudgha.
  4572 | D:5      | Reached * piety under Trog
  4797 | D:5      | Found a sparkling altar of Nemelex Xobeh.
  5030 | D:6      | Reached XP level 9. HP: 91/91 MP: 8/8
  5107 | D:6      | Killed from afar by a steam dragon

Illustrated notes

Levels and vault maps discovered:
D:1:      nzn_arrival_water_spiral, layout_loops_ring, dk_noncrumbling_4
D:2:      layout_basic, shapermc_ecumenical_altar_notcrosses,
          minmay_randomly_rotated_circles, uniq_robin
D:3:      layout_basic, fedhas_altar_2, serial_shops, shop
D:4:      layout_basic, general_overflow_altar, minmay_temple_entry_waves,
          hangedman_decor_growths, amcnicky_mini_corridor_feature, uniq_grinder
D:5:      layout_basic, mainiacjoe_overflow_swirl,
          mainiacjoe_overflow_small_starburst, wad_floor_pattern_2,
          guppyfry_early_lair_pool
D:6:      layout_loops_ring
Temple:   minmay_temple_forest_path

Skill      XL: |  1  2  3  4  5  6  7  8 |
---------------+-------------------------+-----
Fighting       | 2 3 4 6 |  6.4
Unarmed Combat | 4 5 6 7 8 9 |  9.6
Throwing       | |  1.7
Dodging        | |  2.4

Action                   |  1- 3 |  4- 6 |  7- 9 || total
-------------------------+-------+-------+-------++-------
Melee: Unarmed           |   131 |   133 |   131 ||   395
       Punch             |     3 |       |     5 ||     8
Throw: Dart              |       |    14 |     5 ||    19
  Use: Scroll            |       |     5 |     2 ||     7
 Stab: Sleeping          |     1 |       |       ||     1
Armor: Robe              |    36 |       |       ||    36
       Animal skin       |     9 |    24 |    18 ||    51
Dodge: Dodged            |    81 |    58 |    61 ||   200
Block: Other             |       |       |    25 ||    25
       Reflection        |       |       |     1 ||     1

Table legend: (Time is in decaauts)
 A = Elapsed time spent in this place.
 B = Non-inter-level travel time spent in this place.
 C = Inter-level travel time spent in this place.
 D = Time resting spent in this place.
 E = Time spent auto-exploring this place.
 F = Levels seen in this place.
 G = Mean time per level.
                   A        B        C        D        E       F      G
               +--------+--------+--------+--------+--------+-----+--------+
         Total |   5068 |   4847 |    221 |    137 |   3688 |   7 |  724.0 |
       Dungeon |   4664 |   4478 |    186 |    137 |   3338 |   6 |  777.3 |
        Temple |    404 |    369 |     35 |      0 |    350 |   1 |  404.0 |
               +--------+--------+--------+--------+--------+-----+--------+

Top non-repeatable levels by time:
     D:3: 1133 daAuts
     D:4: 1074 daAuts
     D:2: 847 daAuts
     D:1: 737 daAuts
     D:5: 595 daAuts
  Temple: 404 daAuts
     D:6: 275 daAuts
